 Dungeon Crawl Stone Soup version 0.19.1-1-g22dce08 (webtiles) character file.

849 Boing the Thaumaturge (level 7, -3/36 HPs)
             Began as a Deep Elf Conjurer on Jan 18, 2017.
             Was an Initiate of Vehumet.
             Shot with an arrow by a centaur (12 damage)
             ... on level 5 of the Dungeon.
             The game lasted 00:19:17 (4025 turns).

Boing the Thaumaturge (Deep Elf Conjurer)           Turns: 4025, Time: 00:19:17

Health: -3/36      AC:  3    Str:  5    XL:     7   Next: 69%
Magic:  17/20      EV: 14    Int: 22    God:    Vehumet [......]
Gold:   55         SH:  0    Dex: 15    Spells: 4 memorised, 12 levels left

rFire  + . .     SeeInvis .     o - +1 dagger (venom)
rCold  . . .     Gourm    .     m - +1 robe {rF+}
rNeg   . . .     Faith    .     (no shield)
rPois  .         Spirit   .     (no helmet)
rElec  .         Reflect  .     (no cloak)
rCorr  .         Harm     .     (no gloves)
MR     .....                    (no boots)
Stlth  ++........               (no amulet)
                                (no ring)
                                (no ring)

@: no status effects
A: no striking features
a: Renounce Religion


You were on level 5 of the Dungeon.
You worshipped Vehumet.
Vehumet was noncommittal.
You were hungry.

You visited 1 branch of the dungeon, and saw 5 of its levels.

You collected 236 gold pieces.
You spent 181 gold pieces at shops.

Inventory:

Hand Weapons
 h - a +0 short sword
 i - a +0 quarterstaff
 o - a +1 dagger of venom (weapon)
Missiles
 d - 20 poisoned needles
Armour
 a - a +1 robe
 m - a +1 robe of fire resistance (worn)
Wands
 f - a wand of flame (31/48)
Scrolls
 j - 2 scrolls of remove curse
 k - a scroll of teleportation
 l - a scroll of enchant weapon {unknown}
 t - a scroll of identify
Potions
 e - 3 potions of flight
 g - a potion of cancellation {unknown}
 n - a potion of degeneration {unknown}
 p - a potion of brilliance {unknown}
 s - a potion of lignification {unknown}
Books
 b - a book of Conjurations

   Spells                             Type                      Level
   a - Magic Dart                     Conjuration                  1
   b - Searing Ray                    Conjuration                  2
   c - Dazzling Spray                 Conjuration/Hexes            3
   d - Fulminant Prism                Conjuration/Hexes            4
   e - Iskenderun's Mystic Blast      Conjuration                  4
   f - Iskenderun's Battlesphere      Conjuration/Charms           5
Comestibles
 c - 2 bread rations
 q - a meat ration
 r - 2 beef jerkies


   Skills:
 + Level 3.4 Dodging
 - Level 2.7 Stealth
 + Level 8.1 Spellcasting
 + Level 8.0 Conjurations
 + Level 0.6 Hexes


You had 12 spell levels left.
You knew the following spells:

 Your Spells              Type           Power        Failure   Level  Hunger
a - Magic Dart            Conj           ####         1%          1    None
b - Searing Ray           Conj           #####.       1%          2    None
c - Dazzling Spray        Conj/Hex       ####..       4%          3    None
d - Iskenderun's Mystic   Conj           #####...     2%          4    ###....


Dungeon Overview and Level Annotations

Branches:
Dungeon (5/15)
 Temple: D:4-7

Altars:
Ashenzari
Gozag
Nemelex Xobeh
Trog
Uskayaw
Vehumet

Shops:
D:4 **


Message History

A centaur comes into view.
The centaur shouts!
Found 10 gold pieces.
You see here a scroll of noise.
The centaur wields a shortbow.
The centaur shoots an arrow.
The arrow hits you!
You see here an arrow.
Casting: Magic Dart
Confirm with . or Enter, or press ? or * to list all spells.
Aiming: Searing Ray
Press: ? - help, Shift-Dir - straight line, f - centaur
Aim: a centaur, wielding a shortbow The searing ray hits the centaur.
The centaur is lightly wounded.
The centaur shoots an arrow.
The arrow closely misses you.
The centaur shoots an arrow.
The arrow hits you!
* * * LOW HITPOINT WARNING * * *
The searing ray hits the centaur.
The centaur is heavily wounded.
The centaur shoots an arrow.
The arrow hits you!
You die...

. ... ....###########
..........##..#
.......<..##..####+####
##........#.....(.....#
##.........).?@......#
#........###..#######
.........###.c##
.#........# #.##
..........# #.
..#.......# #.
###...... .. ##..## #$


You could see a centaur.

Vanquished Creatures
  Sigmund (D:2)
  The ghost of Boing the Magician, an amateur DEWz (D:4)
  An ogre (D:4)
  4 orc priests
  A hound (D:4)
  3 orc wizards
  2 worker ants (D:4)
  A hound skeleton (D:4)
  3 gnolls (D:4)
  8 adders
  An ooze (D:3)
  2 worms
  A dart slug (D:1)
  5 leopard geckos
  16 orcs
  4 bats
  6 giant cockroaches
  6 goblins
  11 hobgoblins
  8 jackals
  4 kobolds
  2 quokkas (D:3)
  3 ball pythons
  7 frilled lizards
  7 rats
108 creatures vanquished.

Notes
Turn   | Place    | Note
-------+----------+-------------------------------------------
     0 | D:1      | Boing the Deep Elf Conjurer began the quest for the Orb.
     0 | D:1      | Reached XP level 1. HP: 10/10 MP: 6/6
   198 | D:1      | Reached XP level 2. HP: 15/15 MP: 5/8
   428 | D:1      | Learned a level 2 spell: Searing Ray
   500 | D:1      | Reached skill level 5 in Conjurations
   722 | D:1      | Found a sparkling altar of Nemelex Xobeh.
   801 | D:1      | Reached XP level 3. HP: 19/19 MP: 8/10
   806 | D:1      | Learned a level 3 spell: Dazzling Spray
  1508 | D:2      | Reached XP level 4. HP: 24/24 MP: 6/12
  1515 | D:2      | Learned a level 4 spell: Iskenderun's Mystic Blast
  1518 | D:2      | Noticed Sigmund
  1525 | D:2      | Killed Sigmund
  1525 | D:2      | Reached skill level 5 in Spellcasting
  1525 | D:2      | Reached XP level 5. HP: 20/28 MP: 1/14
  1878 | D:3      | Found a bloodstained altar of Trog.
  1948 | D:3      | Reached XP level 6. HP: 32/32 MP: 11/16
  2093 | D:3      | Found a hide-covered altar of Uskayaw.
  2161 | D:3      | Found a shattered altar of Ashenzari.
  2957 | D:4      | Noticed Boing's ghost (amateur DEWz)
  2976 | D:4      | Killed Boing's ghost
  2976 | D:4      | Reached XP level 7. HP: 35/36 MP: 11/19
  3052 | D:4      | Found an opulent altar of Gozag.
  3052 | D:4      | Found Gozag's Platinum Reserve.
  3496 | D:4      | Found a radiant altar of Vehumet.
  3499 | D:4      | Became a worshipper of Vehumet
  3574 | D:4      | Found an opulent altar of Gozag.
  3642 | D:4      | Found Dazoyf's General Store.
  3650 | D:4      | Bought a wand of flame (31/48) for 181 gold pieces
  4015 | D:5      | Entered Level 5 of the Dungeon
  4025 | D:5      | Shot with an arrow by a centaur

Skill      XL: |  1  2  3  4  5  6  7 |
---------------+----------------------+-----
Conjurations   | 5 6 7 8 |  8.0
Spellcasting   | 4 5 7 8 |  8.1
Dodging        | 3 |  3.4
Stealth        | |  2.7
Hexes          | |  0.6

Action                   |  1- 3 |  4- 6 |  7- 9 || total
-------------------------+-------+-------+-------++-------
Melee: Short sword       |    14 |       |       ||    14
       Dagger            |       |     3 |       ||     3
 Cast: Magic Dart        |    76 |    76 |    44 ||   196
       Searing Ray       |     1 |     7 |    10 ||    18
       Iskenderun's Myst |       |     2 |     1 ||     3
       Dazzling Spray    |       |       |     4 ||     4
  Use: Scroll            |     4 |     2 |       ||     6
       Potion            |       |     1 |       ||     1
  Eat: Chunk             |     2 |     4 |     3 ||     9
Armor: Robe              |     3 |     6 |     2 ||    11
Dodge: Dodged            |    19 |     8 |    13 ||    40
